AoeStats
← [xLERx] Eddie

Lombardia

508226932Analyzed
3v3 RM · 10d ago on Sep 21, 2026· 31m 43s· 6 players
Game mode
Random Map
Map size
Normal (6 player)
Population
200
Speed
Normal
Resources
Standard
Victory
Conquest
Starting age
Dark Age
Ending age
Imperial Age
RankedLock teamsTeams togetherTeam positionsShared explorationLock speedFull tech treeHidden civsTurbo modeCheats
Victory
Defeat
🇹🇼 Huns · Taiwan
1016
+13
🇹🇼 Mongols · Taiwan
984
+14
🇹🇼 Poles · Taiwan
984
+14
🇺🇿 Persians · Uzbekistan
993
-16
925
-13
🇺🇿 Persians · Uzbekistan
913
-12
Hunter
8:23 Loom
16:08 Feudal Age
29:59 Castle Age
28:10 Double-Bit Axe
29:57 Pikeman
Vladislav I (Jagiellon)
5:07 Loom
13:51 Feudal Age
14:38 Man-at-Arms
16:37 Town Watch
24:04 Gold Mining
31:17 Castle Age
ABOBUS
8:16 Loom
14:49 Feudal Age
21:05 Double-Bit Axe
23:05 Horse Collar
23:58 Stone Mining
25:49 Bloodlines
[xLERx] Eddie
2:07 Loom
10:51 Feudal Age
22:05 Castle Age
21:29 Double-Bit Axe
21:46 Stone Mining
26:34 Fletching
[xLERx] littleseven
7:15 Loom
9:45 Feudal Age
12:14 Double-Bit Axe
14:34 Man-at-Arms
21:14 Horse Collar
27:52 Castle Age
27:28 Forging
28:12 Gold Mining
29:05 Fletching
30:50 Bodkin Arrow
[xLERx] wuchen
9:58 Feudal Age
9:01 Loom
26:02 Castle Age
Connection lost

Rejoining the realm…

Still unreachable

The connection could not be restored.

Session expired

The server has moved on; the page needs a fresh start.